ORI
UNIVERSITY OF GEORGIA BULLDOGS @ UNIVERSITY OF MAINE BLACK BEARS
08/02/2044
 
TOP OF THE 1ST
University of Georgia Bulldogs batting - Pitching for University of Maine Black Bears : RHP Angus Brear
Pitching: RHP Angus Brear
Batting: RHB Patrick Pinault 0-0: DOUBLE (Flyball, 8LD, EV 90.6 MPH)
Batting: RHB Giorgi Bezhanishvili 0-0: Ball
Patrick Pinault steals 3rd base (no throw)
1-0: Ground out 6-3 (Groundball, 56, EV 90.0 MPH)
Patrick Pinault scores
Batting: RHB Tsugio Yamaguchi 0-0: Fly out, F3 (Flyball, 3D, EV 94.4 MPH)
Batting: RHB Terry Oetker 0-0: Ball
1-0: Ball
2-0: Foul Ball, location: 2F
2-1: Ball
3-1: Foul Ball, location: 2F
3-2: Base on Balls
Batting: LHB Antonio Razo 0-0: Ball
1-0: Fly out, F7 (Flyball, 7, EV 81.9 MPH)
Top of the 1st over - 1 run, 1 hit, 0 errors, 1 left on base; University of Georgia 1 - University of Maine 0
BOTTOM OF THE 1ST
University of Maine Black Bears batting - Pitching for University of Georgia Bulldogs : RHP Jon Trujillo
Pitching: RHP Jon Trujillo
Batting: SHB Terrence Bryant 0-0: Called Strike
0-1: Ball
1-1: Ball
2-1: Foul Ball, location: 2F
2-2: Foul Ball, location: 2F
2-2: Ball
3-2: Foul Ball, location: 2F
3-2: SINGLE (Groundball, 4M, EV 103.8 MPH) (infield hit)
Pinch Runner at 1st Ismael Dominguez:
Batting: RHB Clark Meagher 0-0: Ball
1-0: Ball
2-0: Ball
3-0: Called Strike
3-1: Foul Ball, location: 2F
3-2: Fielders Choice at 2nd, 5-4 (Groundball, 5, EV 91.9 MPH)
Batting: SHB Carlos Carrillo 0-0: Called Strike
0-1: Ball
1-1: Swinging Strike
1-2: Foul Ball, location: 2F
1-2: Grounds into double play, 5-4-3 (Groundball, 5L, EV 85.6 MPH)
Bottom of the 1st over - 0 runs, 1 hit, 0 errors, 0 left on base; University of Georgia 1 - University of Maine 0
TOP OF THE 2ND
University of Georgia Bulldogs batting - Pitching for University of Maine Black Bears : RHP Angus Brear
Now at 3B: Ismael Dominguez
Batting: RHB Armando Ramirez 0-0: Foul Ball, location: 2F
0-1: Ball
1-1: DOUBLE (Line Drive, 89D, EV 110.0 MPH)
Batting: LHB Mitsujiro Tanaka 0-0: Foul Ball, location: 2F
0-1: Foul Ball, location: 2F
0-2: Ball
1-2: Ball
2-2: Ground out 4-3 (Groundball, 34, EV 75.6 MPH)
Armando Ramirez to third
Batting: LHB Jesus Huante 0-0: Fly out, F8 (Flyball, 8LXD, EV 98.8 MPH)
Runner from 3rd tags up, SCORES, no throw by CF
Batting: RHB Mike Lassiter 0-0: Foul Ball, location: 2F
0-1: Foul Ball, location: 2F
0-2: Ball
1-2: Ground out 4-3 (Groundball, 34, EV 86.3 MPH)
Top of the 2nd over - 1 run, 1 hit, 0 errors, 0 left on base; University of Georgia 2 - University of Maine 0
BOTTOM OF THE 2ND
University of Maine Black Bears batting - Pitching for University of Georgia Bulldogs : RHP Jon Trujillo
Batting: RHB Alvin Garcia 0-0: Called Strike
0-1: Foul Ball, location: 2F
0-2: Strikes out looking
Batting: RHB Ruben Domingues 0-0: Foul Ball, location: 2F
0-1: Foul Ball, location: 2F
0-2: Ball
1-2: Foul Ball, location: 2F
1-2: Strikes out swinging
Batting: LHB Jeremy Nuzzo 0-0: Ball
1-0: DOUBLE (Line Drive, 78XD, EV 105.0 MPH)
Batting: RHB Ivan Navar 0-0: Fly out, F8 (Flyball, 8RS, EV 83.8 MPH)
Bottom of the 2nd over - 0 runs, 1 hit, 0 errors, 1 left on base; University of Georgia 2 - University of Maine 0
TOP OF THE 3RD
University of Georgia Bulldogs batting - Pitching for University of Maine Black Bears : RHP Angus Brear
Batting: RHB Patrick Pinault 0-0: Ball
1-0: Ball
2-0: Ground out 6-3 (Groundball, 56, EV 86.9 MPH)
Batting: RHB Giorgi Bezhanishvili 0-0: SOLO HOME RUN (Flyball, 7D, EV 107.5 MPH), Distance : 400 ft
Batting: RHB Tsugio Yamaguchi 0-0: Called Strike
0-1: Ground out 1-3 (Groundball, 15S, EV 67.5 MPH)
Batting: RHB Terry Oetker 0-0: Called Strike
0-1: Ground out U3 (Groundball, 34S, EV 89.4 MPH)
Top of the 3rd over - 1 run, 1 hit, 0 errors, 0 left on base; University of Georgia 3 - University of Maine 0
BOTTOM OF THE 3RD
University of Maine Black Bears batting - Pitching for University of Georgia Bulldogs : RHP Jon Trujillo
Batting: RHB Victor Dominguez 0-0: Fly out, F6 (Popup, 6MD, EV 70.0 MPH)
Batting: RHB Ignacio Zapata 0-0: Ball
1-0: Bunted foul
1-1: Ball
2-1: Foul Ball, location: 2F
2-2: Fly out, F7 (Flyball, 78D, EV 85.6 MPH)
Batting: RHB Ismael Dominguez 0-0: Ball
1-0: Fly out, F8 (Flyball, 8LM, EV 82.5 MPH)
Bottom of the 3rd over - 0 runs, 0 hits, 0 errors, 0 left on base; University of Georgia 3 - University of Maine 0
TOP OF THE 4TH
University of Georgia Bulldogs batting - Pitching for University of Maine Black Bears : RHP Angus Brear
Batting: LHB Antonio Razo 0-0: Foul Ball, location: 2F
0-1: SINGLE (Groundball, 6MD, EV 96.3 MPH)
Batting: RHB Armando Ramirez 0-0: SINGLE (Line Drive, 6M, EV 98.8 MPH)
Antonio Razo to second
Batting: LHB Mitsujiro Tanaka 0-0: Ball
1-0: Foul Ball, location: 2F
1-1: Swinging Strike
1-2: Foul Ball, location: 2F
1-2: Ball
2-2: Fly out, F4 (Line Drive, 4, EV 70.6 MPH)
Batting: LHB Jesus Huante 0-0: Foul Ball, location: 2F
0-1: Called Strike
0-2: Strikes out swinging
Batting: RHB Mike Lassiter 0-0: Called Strike
0-1: Called Strike
0-2: Ball
1-2: Foul Ball, location: 2F
1-2: 3-RUN HOME RUN (Flyball, 7D, EV 106.9 MPH), Distance : 399 ft
Batting: RHB Patrick Pinault 0-0: Reached on error, E8 (Flyball, 8LM, EV 90.6 MPH)
Pitching: RHP Jason Dixon
Batting: RHB Giorgi Bezhanishvili 0-0: Fly out, F8 (Flyball, 8RS, EV 86.9 MPH)
Top of the 4th over - 3 runs, 3 hits, 1 error, 1 left on base; University of Georgia 6 - University of Maine 0
BOTTOM OF THE 4TH
University of Maine Black Bears batting - Pitching for University of Georgia Bulldogs : RHP Jon Trujillo
Batting: RHB Clark Meagher 0-0: Ball
1-0: Ball
2-0: Called Strike
2-1: Foul Ball, location: 2F
2-2: Ball
3-2: Ground out 1-3 (Groundball, 13, EV 66.9 MPH)
Batting: SHB Carlos Carrillo 0-0: Called Strike
0-1: SINGLE (Line Drive, 8LS, EV 96.3 MPH)
Batting: RHB Alvin Garcia 0-0: Called Strike
0-1: Fly out, F5 (Popup, 56S, EV 81.3 MPH)
Batting: RHB Ruben Domingues 0-0: DOUBLE (Flyball, 89XD, EV 105.6 MPH)
Carlos Carrillo to third
Runner from 3rd tries for Home, SAFE, no throw by RF
Batting: LHB Jeremy Nuzzo 0-0: Foul Ball, location: 2F
0-1: Ball
1-1: Ball
2-1: Ball
3-1: Foul Ball, location: 2F
3-2: Ground out 3-1 (Groundball, 34, EV 81.3 MPH)
Bottom of the 4th over - 1 run, 2 hits, 0 errors, 1 left on base; University of Georgia 6 - University of Maine 1
TOP OF THE 5TH
University of Georgia Bulldogs batting - Pitching for University of Maine Black Bears : RHP Jason Dixon
Batting: RHB Tsugio Yamaguchi 0-0: Ball
1-0: Called Strike
1-1: Ground out 5-3 (Groundball, 56S, EV 78.8 MPH)
Batting: RHB Terry Oetker 0-0: Ball
1-0: Swinging Strike
1-1: Ball
2-1: Called Strike
2-2: Ball
3-2: Base on Balls
Batting: LHB Antonio Razo 0-0: Ball
1-0: Ball
2-0: Ball
3-0: Base on Balls
Terry Oetker to second
Batting: RHB Armando Ramirez 0-0: Fielders Choice at 2nd, 4-6 (Groundball, 4, EV 80.6 MPH)
Terry Oetker to third
Batting: LHB Mitsujiro Tanaka 0-0: Called Strike
0-1: Swinging Strike
0-2: Strikes out swinging
Top of the 5th over - 0 runs, 0 hits, 0 errors, 2 left on base; University of Georgia 6 - University of Maine 1
BOTTOM OF THE 5TH
University of Maine Black Bears batting - Pitching for University of Georgia Bulldogs : RHP Jon Trujillo
Pitching: LHP Preston Barnett
Batting: RHB Ivan Navar 0-0: Called Strike
0-1: Swinging Strike
0-2: Fly out, F7 (Flyball, 7D, EV 101.3 MPH)
Batting: RHB Victor Dominguez 0-0: Fly out, F9 (Line Drive, 9, EV 90.6 MPH)
Batting: RHB Ignacio Zapata 0-0: Called Strike
0-1: Fly out, F9 (Flyball, 9, EV 78.8 MPH)
Bottom of the 5th over - 0 runs, 0 hits, 0 errors, 0 left on base; University of Georgia 6 - University of Maine 1
TOP OF THE 6TH
University of Georgia Bulldogs batting - Pitching for University of Maine Black Bears : RHP Jason Dixon
Batting: LHB Jesus Huante 0-0: Ball
1-0: Swinging Strike
1-1: Ball
2-1: Ball
3-1: Fly out, F8 (Flyball, 89M, EV 73.1 MPH)
Batting: RHB Mike Lassiter 0-0: Fly out, F8 (Line Drive, 8LM, EV 85.0 MPH)
Pinch Hitting: RHB Luis Chavez 0-0: Ball
1-0: Ball
2-0: Ball
3-0: Called Strike
3-1: Called Strike
3-2: Foul Ball, location: 2F
3-2: Foul Ball, location: 2F
3-2: Strikes out swinging
Top of the 6th over - 0 runs, 0 hits, 0 errors, 0 left on base; University of Georgia 6 - University of Maine 1
BOTTOM OF THE 6TH
University of Maine Black Bears batting - Pitching for University of Georgia Bulldogs : LHP Preston Barnett
Now at 2B: Hector Quiroz
Batting: RHB Ismael Dominguez 0-0: Called Strike
0-1: Foul Ball, location: 2F
0-2: Strikes out swinging
Batting: RHB Clark Meagher 0-0: Reached on error, E6 (Groundball, 6, EV 88.8 MPH)
Batting: SHB Carlos Carrillo 0-0: Swinging Strike
0-1: Ball
1-1: Foul Ball, location: 2F
1-2: Ground out 6-3 (Groundball, 6, EV 90.0 MPH)
Batting: RHB Alvin Garcia 0-0: Ball
1-0: Ball
2-0: Called Strike
2-1: TRIPLE (Line Drive, 78XD, EV 112.5 MPH)
Clark Meagher scores
Batting: RHB Ruben Domingues 0-0: Foul Ball, location: 2F
0-1: Ball
1-1: Foul Ball, location: 2F
1-2: Ball
2-2: Strikes out looking
Bottom of the 6th over - 1 run, 1 hit, 1 error, 1 left on base; University of Georgia 6 - University of Maine 2
TOP OF THE 7TH
University of Georgia Bulldogs batting - Pitching for University of Maine Black Bears : RHP Jason Dixon
Pinch Hitting: RHB Ivan Barrientos 0-0: Called Strike
0-1: Fly out, F8 (Line Drive, 8LM, EV 99.4 MPH)
Batting: RHB Tsugio Yamaguchi 0-0: Called Strike
0-1: Called Strike
0-2: Foul Ball, location: 2F
0-2: Ball
1-2: Ball
2-2: Foul Ball, location: 2F
2-2: Ground out 3-1 (Groundball, 34S, EV 83.8 MPH)
Batting: SHB Zack Flater 0-0: Called Strike
0-1: Ball
1-1: SINGLE (Line Drive, 6MD, EV 99.4 MPH)
Pinch Hitting: RHB Jesus Alaniz 0-0: Called Strike
0-1: Ball
1-1: Foul Ball, location: 2F
1-2: Ball
2-2: Foul Ball, location: 2F
2-2: Ball
Zack Flater steals 2nd base (no throw)
3-2: Intentional Walk
Pinch Hitting: RHB Doug Makwangwala 0-0: Swinging Strike
0-1: Swinging Strike
0-2: Strikes out swinging
Top of the 7th over - 0 runs, 1 hit, 0 errors, 2 left on base; University of Georgia 6 - University of Maine 2
BOTTOM OF THE 7TH
University of Maine Black Bears batting - Pitching for University of Georgia Bulldogs : LHP Preston Barnett
Now at 3B: Pedro Gonzalez
Now in CF: Iestyn Peacock
Now in RF: Jason Parrish
Pinch Hitting: RHB Jon Borden 0-0: Ball
1-0: Foul Ball, location: 2F
1-1: Fly out, F5 (Popup, 56, EV 81.3 MPH)
Batting: RHB Ivan Navar 0-0: Called Strike
0-1: Ball
1-1: Ball
2-1: Ball
3-1: Base on Balls
Batting: RHB Victor Dominguez 0-0: Ball
1-0: Ball
2-0: Ball
3-0: Called Strike
3-1: Called Strike
3-2: Foul Ball, location: 2F
3-2: Foul Ball, location: 2F
3-2: Fly out, F9 (Flyball, 89S, EV 76.9 MPH)
Batting: RHB Ignacio Zapata 0-0: Ball
1-0: Called Strike
1-1: Ball
2-1: Ball
3-1: Base on Balls
Ivan Navar to second
Batting: RHB Ismael Dominguez 0-0: Called Strike
0-1: Foul Ball, location: 2F
0-2: SINGLE (Groundball, 6M, EV 89.4 MPH) (infield hit)
Ivan Navar to third
Ignacio Zapata to second
Batting: RHB Clark Meagher 0-0: Foul Ball, location: 2F
0-1: Ball
1-1: Called Strike
1-2: Strikes out swinging
Bottom of the 7th over - 0 runs, 1 hit, 0 errors, 3 left on base; University of Georgia 6 - University of Maine 2
TOP OF THE 8TH
University of Georgia Bulldogs batting - Pitching for University of Maine Black Bears : RHP Jason Dixon
Now in RF: Jon Borden
Pinch Hitting: RHB Homer Petropoulos 0-0: DOUBLE (Line Drive, 78D, EV 103.8 MPH)
Batting: LHB Jesus Huante 0-0: Called Strike
0-1: Called Strike
0-2: Ball
1-2: Ground out 4-3 (Groundball, 4, EV 84.4 MPH)
Homer Petropoulos to third
Batting: RHB Mike Lassiter 0-0: Ball
1-0: Ball
2-0: Foul Ball, location: 2F
2-1: Foul Ball, location: 2F
2-2: Ball
3-2: Ground out U3 (Groundball, 23, EV 88.8 MPH)
Batting: SHB Hector Quiroz 0-0: Intentional Walk
Pitching: RHP Yi-ping Chang
Batting: RHB Pedro Gonzalez 0-0: Ball
1-0: Called Strike
1-1: Foul Ball, location: 2F
1-2: Fly out, F3 (Popup, 3S, EV 70.0 MPH)
Top of the 8th over - 0 runs, 1 hit, 0 errors, 2 left on base; University of Georgia 6 - University of Maine 2
BOTTOM OF THE 8TH
University of Maine Black Bears batting - Pitching for University of Georgia Bulldogs : LHP Preston Barnett
Pitching: RHP Matt Schmidt
Now in LF: Danny Salas
Batting: SHB Carlos Carrillo 0-0: Called Strike
0-1: Ground out U3 (Groundball, 3, EV 100.6 MPH)
Pinch Hitting: RHB Jesus Escobedo 0-0: Ball
1-0: Called Strike
1-1: DOUBLE (Line Drive, 89XD, EV 100.0 MPH)
Pinch Hitting: RHB Enrique Gomez 0-0: Foul Ball, location: 2F
0-1: Foul Ball, location: 2F
0-2: Foul Ball, location: 2F
0-2: Foul Ball, location: 2F
0-2: Ball
1-2: Foul Ball, location: 2F
1-2: Ball
2-2: Foul Ball, location: 2F
2-2: Ball
3-2: Base on Balls
Batting: RHB Jon Borden 0-0: Ball
1-0: Called Strike
1-1: Ball
Wild Pitch!
Jesus Escobedo to third
Enrique Gomez to second
2-1: Ball
3-1: Base on Balls
Batting: RHB Tsutomu Kawashima 0-0: Called Strike
0-1: Ball
1-1: SINGLE (Groundball, 4MD, EV 96.9 MPH)
Jesus Escobedo scores
Enrique Gomez to third
Jon Borden to second
Runner from 3rd tries for Home, throw by CF and OUT! 8-2
Pinch Hitting: SHB Alvin Fesko 0-0: Fielders Choice at 2nd, U4 (Groundball, 4M, EV 102.5 MPH)
Bottom of the 8th over - 1 run, 2 hits, 0 errors, 2 left on base; University of Georgia 6 - University of Maine 3
TOP OF THE 9TH
University of Georgia Bulldogs batting - Pitching for University of Maine Black Bears : RHP Yi-ping Chang
Now at 1B: Jesus Escobedo
Now at SS: Tyler Rogers
Now in CF: Enrique Gomez
Batting: RHB Tsugio Yamaguchi 0-0: Called Strike
0-1: Fly out, F7 (Flyball, 7LD, EV 88.8 MPH)
Batting: SHB Zack Flater 0-0: Foul Ball, location: 2F
0-1: Ball
1-1: Ball
2-1: Swinging Strike
2-2: Ball
3-2: Ground out U3 (Groundball, 3L, EV 87.5 MPH)
Batting: LHB Iestyn Peacock 0-0: Fly out, F8 (Flyball, 8RS, EV 95.6 MPH)
Top of the 9th over - 0 runs, 0 hits, 0 errors, 0 left on base; University of Georgia 6 - University of Maine 3
BOTTOM OF THE 9TH
University of Maine Black Bears batting - Pitching for University of Georgia Bulldogs : RHP Matt Schmidt
Pitching: RHP Joe Underhill
Pinch Hitting: SHB Bill Santos 0-0: Ball
1-0: SINGLE (Groundball, 4MD, EV 100.6 MPH)
Pinch Hitting: RHB Konrad van Oosterhout 0-0: Called Strike
0-1: SINGLE (Groundball, 34D, EV 106.9 MPH)
Bill Santos to second
Batting: RHB Clark Meagher 0-0: Ball
1-0: Swinging Strike
1-1: Ball
2-1: Ball
3-1: Called Strike
3-2: Foul Ball, location: 2F
3-2: Fly out, F7 (Flyball, 78M, EV 95.6 MPH)
Pinch Hitting: LHB Alex Guereca 0-0: Foul Ball, location: 2F
0-1: Ball
1-1: Called Strike
1-2: Ball
2-2: Grounds into double play, 5-4-3 (Groundball, 56, EV 85.0 MPH)
Bottom of the 9th over - 0 runs, 2 hits, 0 errors, 1 left on base; University of Georgia 6 - University of Maine 3
Thursday, March 31st , 2022 - OOTP Baseball 22.12 Build 89